 Dungeon Crawl Stone Soup version 0.18-a0-796-g4b90cf5 (webtiles) character file.

56 Banto the Poker (level 3, 0/29 HPs)
             Began as a Demonspawn Berserker on Dec 14, 2015.
             Was a Believer of Trog.
             Slain by an orc wizard
             ... wielding a +2 dagger of holy wrath
              (1 damage)
             ... on level 3 of the Dungeon.
             The game lasted 00:02:31 (1678 turns).

Banto the Poker (Demonspawn Berserker)              Turns: 1678, Time: 00:02:31

Health: 0/29       AC:  4    Str: 17    XL:     3   Next: 71%
Magic:  3/3        EV: 12    Int:  8    God:    Trog [**....]
Gold:   144        SH:  0    Dex: 13    Spells: 0 memorised, 2 levels left

rFire  + . .     SeeInvis .     a - +0 spear
rCold  . . .     Clarity  .     b - +0 animal skin
rNeg   . . .     SustAt   .     (no shield)
rPois  .         Gourm    .     (helmet restricted)
rElec  .         Spirit   .     (no cloak)
rCorr  .         Dismiss  .     (no gloves)
rMut   .         Stasis   .     (no boots)
MR     ++...                    (no amulet)
Stlth  +.........               (no ring)
                                (no ring)

@: regenerating, very resistant to hostile enchantments, very unstealthy
A: antennae 1, slimy green scales 1, fire resistance 1, sense surroundings 1,
powered by death 1
a: Berserk, Trog's Hand, Burn Spellbooks, Renounce Religion


You were on level 3 of the Dungeon.
You worshipped Trog.
Trog was pleased with you.
You were not hungry.

You visited 1 branch of the dungeon, and saw 3 of its levels.

You collected 144 gold pieces.

Inventory:

Hand Weapons
 a - a +0 spear (weapon)
Armour
 b - a +0 animal skin (worn)
Wands
 o - a wand of fire (8)
Scrolls
 i - a scroll of remove curse
Potions
 h - a potion of magic {unknown}
 j - a potion of poison {unknown}
 k - 2 potions of cancellation {unknown}
 l - a potion of invisibility {unknown}
Comestibles
 c - 2 bread rations
 m - 2 chunks of flesh


   Skills:
 - Level 3.0 Fighting
 + Level 4.2 Polearms
 - Level 1.7 Armour
 - Level 1.7 Dodging


You had 2 spell levels left.
You didn't know any spells.

Dungeon Overview and Level Annotations

Branches:
Dungeon (3/15)

Altars:
Trog

Annotations:
D:3 Arkorax's ghost, amateur HEBe


Innate Abilities, Weirdness & Mutations

You are partially covered in slimy green scales (AC +2).
You regenerate a little health from kills.
You have a pair of small antennae on your head.
Your flesh is heat resistant.
You passively map a small area around you.


Message History

You closely miss something.
You feel less regenerative. Something hits you.
You convulse.
You closely miss something. Something hits you.
You convulse.
You closely miss something. You closely miss something.
You feel less confused. Something hits you but does no damage.
You miss something. Something hits you.
You convulse.
* * * LOW HITPOINT WARNING * * *
Your skin crawls.
You feel resistant to hostile enchantments.
You feel slightly more hungry. Something hits you.
* * * LOW HITPOINT WARNING * * *
You convulse.
* * * LOW HITPOINT WARNING * * *
You hit something. Something hits you.
* * * LOW HITPOINT WARNING * * *
You convulse.
You die...

.******####.....#.........#
..,,,,,.........#.........#
#..****,.###....#.#########
#..##.,,*#.....##..**
......**#...##..##.,****#****
.#...## #..#*##.#*#.**...,,,**
......###..## #=# *.#....,,,,**
..#...<.....###.###......,,,,,*
................@{)......,,,,,*
...........#####)##......,,,,,*
.###....#..# #..,,.....,,,,,*
.###....#..# #...,,....,,,,,*
.......##..# #...#*,...,,,,**
###........#####..)#,,,..,,,,,*
#*#................#,,,,.,,,,,*
....###....###*#...#,,,,,,,,,,*
..##*##.....###*,,,*,,,,,,,,,,*


There were no monsters in sight!

Vanquished Creatures
  3 orcs (D:3)
  3 giant cockroaches
  4 hobgoblins
  A quokka (D:2)
  8 bats
  5 giant geckos
  5 giant newts
  8 goblins
  9 kobolds
  4 rats
50 creatures vanquished.

Notes
Turn   | Place    | Note
--------------------------------------------------------------
     0 | D:1      | Banto the Demonspawn Berserker began the quest for the Orb.
     0 | D:1      | Reached XP level 1. HP: 18/18 MP: 1/1
    80 | D:1      | Gained mutation: You regenerate a little health from kills. [demonic ancestry]
    80 | D:1      | Reached XP level 2. HP: 13/24 MP: 2/2
   187 | D:1      | Reached ** piety under Trog
   552 | D:1      | Gained mutation: You are partially covered in slimy green scales (AC +2). [demonic ancestry]
   552 | D:1      | Reached XP level 3. HP: 27/29 MP: 3/3
  1023 | D:2      | Reached skill level 4 in Polearms
  1302 | D:2      | Found a bloodstained altar of Trog.
  1391 | D:3      | Noticed Arkorax's ghost (amateur HEBe)
  1617 | D:3      | Gained mutation: Your flesh is heat resistant. [potion of mutation]
  1617 | D:3      | Gained mutation: You have a pair of small antennae on your head. [potion of mutation]
  1617 | D:3      | Gained mutation: You passively map a small area around you. [potion of mutation]
  1678 | D:3      | HP: 1/29 [something (3)]
  1678 | D:3      | Slain by an orc wizard

Vault maps used:
D:1:      onia_arrival_pyramid, minmay_misc_feat_columns, kennysheep_doodads
D:2:      minmay_door_path, overflow_temple_1_default, first_bread,
          grunt_decor_resistance

Action                   || total
-------------------------++-------
Melee: Spear             ||   219
Invok: Berserk           ||     2
       Trog's Hand       ||     2
  Use: Scroll            ||     5
       Potion            ||     1
 Stab: Sleeping          ||     2
  Eat: Chunk             ||     5
